 Dungeon Crawl Stone Soup version 0.28-a0-649-g2b6bb2fd11 (webtiles) character file.

Game seed: 1211307451665920993

947 Gargoyl the Skirmisher (level 8, 0/67 HPs)
             Began as a Gnoll Abyssal Knight on Oct 11, 2021.
             Was a Priest of Lugonu.
             Slain by a killer bee (1 damage)
             ... on level 6 of the Dungeon.
             The game lasted 00:06:34 (5759 turns).

Gargoyl the Skirmisher (Gnoll Abyssal Knight)       Turns: 5759, Time: 00:06:36

Health: 0/67       AC:  7    Str: 14    XL:     8   Next: 13%
Magic:  12/12      EV: 11    Int: 11    God:    Lugonu [***...]
Gold:   229        SH:  0    Dex: 12    Spells: 13/13 levels left

rFire   . . .      SeeInvis .   a - +3 hand axe
rCold   . . .      Faith    .   (no shield)
rNeg    . . .      Spirit   .   h - +1 ring mail
rPois   .          Reflect  .   (no helmet)
rElec   .          Harm     .   (no cloak)
rCorr   .          Rampage  .   (no gloves)
Will    .....                   (no boots)
Stlth   +.........              (no amulet)
HPRegen 0.21/turn               (no ring)
MPRegen 0.13/turn               (no ring)

@: mighty, lethally poisoned (0 -> -6)
A: fangs 1, strong nose, distributed training
a: Renounce Religion, Depart the Abyss, Bend Space, Banish


You were on level 6 of the Dungeon.
You worshipped Lugonu.
Lugonu was most pleased with you.
You visited 1 branch of the dungeon, and saw 6 of its levels.
You visited the Abyss 1 time.
You also visited: Ossuary.

You collected 229 gold pieces.

Inventory:

Hand Weapons
 a - a +3 hand axe (weapon)
Armour
 h - a +1 ring mail (worn)
Wands
 b - a wand of iceblast (4)
 e - a wand of acid (8)
Scrolls
 i - a scroll of magic mapping
 j - a scroll of teleportation
Potions
 c - 4 potions of heal wounds
 f - a potion of haste {unknown}
 g - a potion of curing
 k - 2 potions of mutation {unknown}
 l - a potion of flight {unknown}


   Skills:
 + Level 7.2 Fighting
 + Level 3.0 Short Blades
 + Level 3.0 Long Blades
 + Level 5.5 Axes
 + Level 3.0 Maces & Flails
 + Level 3.0 Polearms
 + Level 3.0 Staves
 + Level 3.0 Slings
 + Level 3.0 Bows
 + Level 3.0 Crossbows
 + Level 3.0 Throwing
 + Level 5.5 Armour
 + Level 4.0 Dodging
 + Level 3.0 Stealth
 + Level 3.0 Shields
 + Level 3.0 Unarmed Combat
 + Level 3.0 Spellcasting
 + Level 2.4 Conjurations
 + Level 2.4 Hexes
 + Level 2.4 Summonings
 + Level 2.4 Necromancy
 + Level 2.4 Translocations
 + Level 2.4 Transmutations
 + Level 2.4 Fire Magic
 + Level 2.4 Ice Magic
 + Level 2.4 Air Magic
 + Level 2.4 Earth Magic
 + Level 2.4 Poison Magic
 + Level 5.7 Invocations
 + Level 3.0 Evocations


You had 13 spell levels left.
You didn't know any spells.
Your spell library contained the following spells:

 Spells                   Type           Power      Damage    Failure   Level
 Sandblast                Erth           14%        2d6       19%         1
 Passwall                 Tmut/Erth      5%         N/A       28%         2
 Stone Arrow              Conj/Erth      14%        3d7       50%         3


Dungeon Overview and Level Annotations

Branches:
Dungeon (6/15)             Temple (0/1) D:5         Ossuary (visited)

Altars:
Nemelex Xobeh
Beogh

Shops:
D:2 =   D:3 [

Annotations:
D:5 Dowan, Duvessa


Innate Abilities, Weirdness & Mutations

You have very sharp teeth.
Your uncanny sense of smell can sniff out nearby items.
Your experience applies equally to all skills.


Message History

Your Crossbows skill increases to level 3!
Your Throwing skill increases to level 3!
Your Stealth skill increases to level 3!
Your Shields skill increases to level 3!
Your Unarmed Combat skill increases to level 3!
Your Spellcasting skill increases to level 3!
Your Evocations skill increases to level 3!
You miss the killer bee. Your bite misses the killer bee.
You feel sick. The killer bee stings you.
The killer bee stings you but does no damage.
Unknown command.
You closely miss the killer bee. Your bite misses the killer bee.
You feel sick. The killer bee stings you.
* * * LOW HITPOINT WARNING * * *
The killer bee stings you.
* * * LOW HITPOINT WARNING * * *
You barely miss the killer bee.
You feel sick.
The killer bee stings you but does no damage. x2
The killer bee misses you.
Unknown command.
You slash the killer bee!
The killer bee is severely wounded.
You feel sick.
The killer bee stings you but does no damage.
The killer bee barely misses you.
Unknown command.
You closely miss the killer bee.
The killer bee is severely wounded.
You feel sick. The killer bee barely misses you. The killer bee stings you.
* * * LOW HITPOINT WARNING * * *
You are lethally poisoned!
The killer bee poisons you!
Unknown command.
You barely miss the killer bee. Your bite misses the killer bee.
The killer bee is severely wounded.
* * * LOW HITPOINT WARNING * * *
You feel sick. The killer bee stings you.
* * * LOW HITPOINT WARNING * * *
The killer bee stings you.
You die...

#####......#
y..........#
yyy$.......##
#y.....#
#......#
#....### ######
##...## #
##....#####...##
##
#.....@y......#
.###
#...#####.....#
#..## #..##
##....# ##..#
#..# ##...# #(.#
#..# #...# ∆
#..# #..# ##..#
#..# #..# ####
#..# #..# ##..#
#..# ##..##
#...#


You could see a killer bee.

Vanquished Creatures
  A small abomination (Abyss:2)
  4 killer bees (D:6)
  6 centaur zombies
  2 hounds
  5 iguanas
  7 mummies
  A hound skeleton (D:5)
  4 adders
  8 gnolls
  A white imp (D:6)
  2 worms (D:3)
  5 dart slugs
  8 orcs
  5 bats
  14 endoplasms
  2 giant cockroaches (D:4)
  10 hobgoblins
  4 jackals (D:1)
  7 quokkas
  8 ball pythons
  2 frilled lizards (D:1)
  5 goblins
  3 hobgoblin zombies (Ossuary)
  6 kobolds
  4 rats
124 creatures vanquished.

Notes
Turn   | Place    | Note
-------+----------+-------------------------------------------
     0 | Abyss:1  | Gargoyl the Gnoll Abyssal Knight began the quest for the
                  | Orb.
     0 | Abyss:1  | Reached XP level 1. HP: 23/23 MP: 3/3
    76 | Abyss:1  | Noticed an ancient zyme
    87 | Abyss:2  | Noticed a small abomination
    97 | Abyss:2  | Killed a small abomination
    98 | Abyss:2  | Reached skill level 1 in Short Blades
    98 | Abyss:2  | Reached skill level 1 in Long Blades
    98 | Abyss:2  | Reached skill level 1 in Maces & Flails
    98 | Abyss:2  | Reached skill level 1 in Polearms
    98 | Abyss:2  | Reached skill level 1 in Staves
    98 | Abyss:2  | Reached skill level 1 in Slings
    98 | Abyss:2  | Reached skill level 1 in Bows
    98 | Abyss:2  | Reached skill level 1 in Crossbows
    98 | Abyss:2  | Reached skill level 1 in Throwing
    98 | Abyss:2  | Reached skill level 1 in Stealth
    98 | Abyss:2  | Reached skill level 1 in Shields
    98 | Abyss:2  | Reached skill level 1 in Unarmed Combat
    98 | Abyss:2  | Reached skill level 1 in Spellcasting
    98 | Abyss:2  | Reached skill level 1 in Evocations
    98 | Abyss:2  | Reached XP level 2. HP: 29/29 MP: 5/5
    98 | Abyss:2  | Reached XP level 3. HP: 35/35 MP: 6/6
    98 | Abyss:2  | Reached XP level 4. HP: 41/41 MP: 7/7
   167 | Abyss:2  | Noticed an orange demon
   174 | D:1      | Escaped the Abyss
   471 | D:1      | Reached * piety under Lugonu
   901 | D:1      | Reached skill level 1 in Conjurations
   901 | D:1      | Reached skill level 1 in Hexes
   901 | D:1      | Reached skill level 1 in Summonings
   901 | D:1      | Reached skill level 1 in Necromancy
   901 | D:1      | Reached skill level 1 in Translocations
   901 | D:1      | Reached skill level 1 in Transmutations
   901 | D:1      | Reached skill level 1 in Fire Magic
   901 | D:1      | Reached skill level 1 in Ice Magic
   901 | D:1      | Reached skill level 1 in Air Magic
   901 | D:1      | Reached skill level 1 in Earth Magic
   901 | D:1      | Reached skill level 1 in Poison Magic
   991 | D:1      | Found a faded altar of an unknown god.
  1573 | D:2      | Reached XP level 5. HP: 40/47 MP: 8/8
  1592 | D:2      | Reached ** piety under Lugonu
  1835 | D:2      | Found Atocy's Jewellery Boutique.
  2236 | D:3      | Found Paixzoom's Armour Shop.
  3038 | D:4      | Found a sparkling altar of Nemelex Xobeh.
  3167 | D:4      | Reached skill level 5 in Invocations
  3167 | D:4      | Reached XP level 6. HP: 43/53 MP: 9/9
  3770 | D:5      | Entered Level 5 of the Dungeon
  3847 | D:5      | Found a sand-covered staircase.
  3857 | Ossuary  | Entered an ossuary
  3868 | Ossuary  | Reached skill level 5 in Axes
  3868 | Ossuary  | Reached skill level 5 in Armour
  4168 | Ossuary  | Reached XP level 7. HP: 21/59 MP: 10/10
  4169 | Ossuary  | Reached *** piety under Lugonu
  4194 | Ossuary  | Reached skill level 7 in Fighting
  5370 | D:5      | Found a staircase to the Ecumenical Temple.
  5406 | D:5      | Noticed Duvessa
  5406 | D:5      | Noticed Dowan
  5749 | D:6      | Reached XP level 8. HP: 53/67 MP: 12/12
  5759 | D:6      | HP: 1/67 [killer bee (3)]
  5759 | D:6      | Slain by a killer bee

Illustrated notes

Levels and vault maps discovered:
D:1:      minmay_arrival_split_and_join, layout_basic,
          hellmonk_ecumenical_altar_defaced_shrine, minivault_23, st_stairs_5,
          kennysheep_minor_cross, serial_park_tiny_2, minivault_25
D:2:      layout_rooms, serial_shops, nicolae_shop_stone
D:3:      wander_river, layout_basic, serial_shops, nicolae_diamond_shop
D:4:      layout_loops_ring, lemuel_crystal_altar
D:5:      layout_basic, minmay_temple_entry_statues_fountains,
          gup_ossuary_entry_pyramid, solitary_fountain, abandoned_shop,
          uniq_duvessa
D:6:      layout_layer_cave, nicolae_overflow_hidden_temple

Skill      XL: |  1  2  3  4  5  6  7  8 |
---------------+-------------------------+-----
Short Blades   | 1 2 3 |  3.0
Long Blades    | 1 2 3 |  3.0
Maces & Flails | 1 2 3 |  3.0
Polearms       | 1 2 3 |  3.0
Staves         | 1 2 3 |  3.0
Slings         | 1 2 3 |  3.0
Bows           | 1 2 3 |  3.0
Crossbows      | 1 2 3 |  3.0
Throwing       | 1 2 3 |  3.0
Stealth        | 1 2 3 |  3.0
Shields        | 1 2 3 |  3.0
Unarmed Combat | 1 2 3 |  3.0
Spellcasting   | 1 2 3 |  3.0
Evocations     | 1 2 3 |  3.0
Conjurations   | 1 2 |  2.4
Hexes          | 1 2 |  2.4
Summonings     | 1 2 |  2.4
Necromancy     | 1 2 |  2.4
Translocations | 1 2 |  2.4
Transmutations | 1 2 |  2.4
Fire Magic     | 1 2 |  2.4
Ice Magic      | 1 2 |  2.4
Air Magic      | 1 2 |  2.4
Earth Magic    | 1 2 |  2.4
Poison Magic   | 1 2 |  2.4
Dodging        | 3 4 |  4.0
Invocations    | 5 |  5.7
Axes           | 5 |  5.5
Armour         | 5 |  5.5
Fighting       | 7 |  7.2

Action                   |  1- 3 |  4- 6 |  7- 9 || total
-------------------------+-------+-------+-------++-------
Melee: Hand axe          |       |   274 |   109 ||   383
       Bite              |       |    23 |    18 ||    41
       Punch             |       |     1 |       ||     1
Invok: Depart the Abyss  |       |     1 |       ||     1
Evoke: Wand              |       |       |     6 ||     6
  Use: Scroll            |     1 |    11 |     4 ||    16
       Potion            |     1 |     3 |     1 ||     5
 Stab: Sleeping          |       |     1 |       ||     1
Armor: Leather armour    |       |    48 |       ||    48
       Ring mail         |       |    48 |    53 ||   101
Dodge: Dodged            |       |   228 |   120 ||   348

Table legend: (Time is in decaauts)
 A = Elapsed time spent in this place.
 B = Non-inter-level travel time spent in this place.
 C = Inter-level travel time spent in this place.
 D = Time resting spent in this place.
 E = Time spent auto-exploring this place.
 F = Levels seen in this place.
 G = Mean time per level.
                   A        B        C        D        E       F      G
               +--------+--------+--------+--------+--------+-----+--------+
         Total |   5833 |   5742 |     91 |   1686 |   2930 |   9 |  648.1 |
       Dungeon |   5089 |   4998 |     91 |   1242 |   2779 |   6 |  848.2 |
         Abyss |    173 |    173 |      0 |      0 |    109 |   2 |   86.5 |
       Ossuary |    570 |    570 |      0 |    444 |     42 |   1 |  570.0 |
               +--------+--------+--------+--------+--------+-----+--------+

Top non-repeatable levels by time:
     D:1: 1330 daAuts
     D:4: 1319 daAuts
     D:3: 750 daAuts
     D:2: 720 daAuts
     D:5: 617 daAuts
 Ossuary: 570 daAuts
     D:6: 351 daAuts
 Abyss:2: 93 daAuts
 Abyss:1: 80 daAuts
